AoeStats
← 小桦

Pilgrims

509537065Analyzed
4v4 RM · 6d ago on Sep 27, 2026· 51m 56s· 8 players
Game mode
Random Map
Map size
Large (8 player)
Population
200
Speed
Normal
Resources
Standard
Victory
Conquest
Starting age
Dark Age
Ending age
Imperial Age
RankedLock teamsTeams togetherTeam positionsShared explorationLock speedFull tech treeHidden civsTurbo modeCheats
Victory
Defeat
🇺🇸 Persians · United States
1374
+14
🇭🇰 Wei · Hong Kong SAR China
1329
+16
1273
+18
🇵🇪 Armenians · Peru
1266
+18
🇨🇳 Vietnamese · China
1484
-24
🇨🇳 Spanish · China
1316
-16
🇨🇳 Japanese · China
1248
-16
1231
-13
小桦
10:29 Loom
12:57 Feudal Age
13:51 Town Watch
14:41 Wheelbarrow
13:54 Double-Bit Axe
14:01 Fishing Lines
14:49 Fletching
16:20 Wheelbarrow
18:52 Padded Archer Armor
22:03 Castle Age
20:33 Horse Collar
22:37 Gold Mining
22:59 Heavy Plow
22:21 Crossbowman
23:06 Thumb Ring
23:15 Bow Saw
24:56 Gillnets
27:14 Bodkin Arrow
30:46 Imperial Age
28:37 Scale Mail Armor
28:55 Forging
29:01 Leather Archer Armor
29:01 Stone Mining
29:42 Squires
31:16 Stone Shaft Mining
31:20 Chain Mail Armor
31:41 Iron Casting
32:29 Bracer
33:30 Chemistry
32:50 Ballistics
31:52 Arbalester
34:32 Ring Archer Armor
34:38 Iron Casting
34:33 Plate Mail Armor
34:43 Guard Tower
36:53 Hand Cart
39:08 Elite Fire Lancer
41:24 Iron Casting
41:48 Keep
42:25 Arrowslits
42:35 Murder Holes
47:28 Coinage
47:32 Paper Money
48:39 Two-Man Saw
48:56 Elite Skirmisher
50:22 Pikeman
51:11 Imperial Skirmisher
欢米坨
10:45 Feudal Age
17:05 Castle Age
16:50 Gold Mining
38:36 Loom
传奇耐电王汤恩伯
4:56 Loom
11:12 Feudal Age
12:11 Double-Bit Axe
18:11 Fishing Lines
22:15 Wheelbarrow
24:47 Castle Age
25:58 Medium Warships
30:09 Gillnets
45:03 Bloodlines
44:54 Husbandry
45:16 Light Cavalry
49:10 Horse Collar
无花果
8:00 Loom
12:51 Feudal Age
13:59 Double-Bit Axe
14:37 Fletching
19:58 Castle Age
21:13 Bow Saw
21:00 Bodkin Arrow
22:29 Medium Warships
25:10 Horse Collar
38:52 Town Watch
41:12 Wheelbarrow
41:06 Heavy Plow
42:36 Hand Cart
47:04 Imperial Age
44:53 Hand Cart
45:26 Gold Mining
45:15 Man-at-Arms
45:41 Gambesons
45:56 Squires
45:42 Arson
46:14 Long Swordsman
47:40 Scale Mail Armor
48:28 Two-Handed Swordsman
49:49 Chain Mail Armor
50:24 Forging
51:04 Pikeman
Showergod
10:54 Feudal Age
13:38 Bloodlines
13:43 Double-Bit Axe
14:17 Bloodlines
15:05 Scale Barding Armor
17:06 Castle Age
14:52 Horse Collar
15:14 Loom
16:03 Scale Barding Armor
16:23 Forging
17:17 Gold Mining
18:37 Wheelbarrow
19:53 Husbandry
20:27 Heavy Plow
20:30 Fletching
21:13 Bodkin Arrow
21:45 Stone Mining
23:35 Ballistics
23:12 Murder Holes
23:20 Padded Archer Armor
23:32 Elite Skirmisher
25:56 Leather Archer Armor
27:30 Hand Cart
28:18 Squires
29:33 Bow Saw
29:53 Crossbowman
31:42 Kamandaran
33:20 Thumb Ring
37:54 Imperial Age
37:26 Thumb Ring
38:50 Crop Rotation
38:56 Conscription
39:09 Ring Archer Armor
39:40 Chain Barding Armor
40:35 Two-Man Saw
40:46 Devotion
41:25 Elite War Elephant
44:10 Plate Barding Armor
45:12 Iron Casting
47:53 Blast Furnace
Seu Madruga
8:43 Loom
10:43 Feudal Age
11:17 Fishing Lines
11:47 Double-Bit Axe
14:59 Fletching
19:57 Castle Age
18:49 Gold Mining
20:30 Gillnets
20:53 Medium Warships
20:04 Demolition Ship
21:48 Bodkin Arrow
25:46 Careening
26:33 Man-at-Arms
28:53 Clinker Construction
29:37 Bow Saw
30:04 Gold Shaft Mining
29:35 Long Swordsman
31:36 Stone Mining
32:12 Two-Handed Swordsman
33:10 Masonry
34:26 Elite Skirmisher
35:49 Treadmill Crane
38:01 Ballistics
38:36 Wheelbarrow
38:16 Scale Mail Armor
38:16 Padded Archer Armor
38:27 Forging
41:05 Murder Holes
42:46 Hand Cart
44:42 Chain Mail Armor
45:02 Iron Casting
44:44 Leather Archer Armor
46:53 Town Watch
48:28 Iron Casting
The Crusades Crusader
3:46 Loom
10:52 Feudal Age
10:06 Loom
16:58 Castle Age
16:14 Double-Bit Axe
16:10 Horse Collar
17:40 Heavy Plow
17:54 Bow Saw
26:33 Scale Barding Armor
28:04 Husbandry
28:34 Town Watch
29:49 Bloodlines
31:23 Wheelbarrow
31:27 Forging
31:37 Gold Mining
32:24 Stone Mining
33:03 Chain Barding Armor
34:00 Heavy Plow
36:56 Iron Casting
38:17 Fletching
41:52 Imperial Age
40:43 Masonry
40:54 Ballistics
44:18 Hand Cart
44:28 Bodkin Arrow
45:24 Bracer
45:52 Conscription
46:27 Thumb Ring
46:25 Padded Archer Armor
47:37 Parthian Tactics
48:15 Chemistry
49:16 Blast Furnace
49:35 Ming Guang Armor
49:28 Leather Archer Armor
50:15 Gold Shaft Mining
51:05 Ring Archer Armor
漠北万丈孤烟长河落日圆
4:10 Loom
12:24 Feudal Age
13:16 Double-Bit Axe
14:35 Fletching
16:42 Fishing Lines
19:50 Castle Age
20:43 Bow Saw
20:46 Medium Warships
20:34 Bodkin Arrow
30:41 Horse Collar
36:40 Masonry
37:54 Wheelbarrow
37:05 Town Watch
41:09 Stone Mining
48:27 Hand Cart
53:55 Imperial Age
Connection lost

Rejoining the realm…

Still unreachable

The connection could not be restored.

Session expired

The server has moved on; the page needs a fresh start.